 Dungeon Crawl Stone Soup version 0.26.1 (webtiles) character file.

Game seed: 4931712617039006602

27 DasRunzen the Conjurer (level 2, 0/22 HPs)
             Began as a Demigod Conjurer on Feb 4, 2021.
             Slain by a gnoll
             ... wielding a +0 halberd
              (11 damage)
             ... on level 2 of the Dungeon.
             The game lasted 00:02:36 (1014 turns).

DasRunzen the Conjurer (Demigod Conjurer)           Turns: 1014, Time: 00:02:37

Health: 0/22       AC:  2    Str: 10    XL:     2   Next: 72%
Magic:  7/7        EV: 12    Int: 22    God:
Gold:   62         SH:  0    Dex: 14    Spells: 2/5 levels left

rFire    . . .     SeeInvis .   e - +0 hand axe
rCold    . . .     Faith    .   (no shield)
rNeg     . . .     Spirit   .   a - +0 robe
rPois    .         Reflect  .   (no helmet)
rElec    .         Harm     .   (no cloak)
rCorr    .         Rampage  .   (no gloves)
Will     .....                  (no boots)
Stlth    ++........             (no amulet)
HPRegen  0.07/turn              i - +4 ring of slaying
MPRegen  0.10/turn              (no ring)

@: no status effects
A: high mp 1
a: no special abilities


You were on level 2 of the Dungeon.
You visited 1 branch of the dungeon, and saw 2 of its levels.

You collected 62 gold pieces.

Inventory:

Hand Weapons
 e - a +0 hand axe (weapon)
Armour
 a - a +0 robe (worn)
Jewellery
 i - a +4 ring of slaying (left hand)
Scrolls
 d - a scroll of remove curse
Potions
 f - a potion of curing {unknown}
 h - a potion of mutation {unknown}
 j - a potion of magic {unknown}
 k - a potion of heal wounds {unknown}


   Skills:
 + Level 0.8 Fighting
 + Level 0.8 Armour
 + Level 2.1 Dodging
 - Level 1.7 Stealth
 + Level 2.0 Spellcasting
 + Level 3.8 Conjurations


You had 2 spell levels left.
You knew the following spells:

 Your Spells              Type           Power        Failure   Level
a - Magic Dart            Conj           76%          2%          1
b - Searing Ray           Conj           38%          4%          2

Your spell library contained the following spells:

 Spells                   Type           Power        Failure   Level
 Dazzling Flash           Conj/Hex       20%          19%         3
 Fulminant Prism          Conj/Hex       5%           52%         4
 Iskenderun's Mystic Bla  Conj/Tloc      10%          52%         4


Dungeon Overview and Level Annotations

Branches:
Dungeon (2/15)


Innate Abilities, Weirdness & Mutations

You have an increased reservoir of magic. (+10% MP)


Message History

(D) Dungeon
Where to? (? - help)
Your surroundings suddenly seem different.
(D) Dungeon
Where to? (Enter - D:2, ? - help)
There is a stone staircase leading down here.
You climb downwards. 3 gnolls come into view.
There is a stone staircase leading up here.
The helpless gnoll fails to defend itself.
You hit the gnoll.
The gnoll is lightly wounded.
The helpless gnoll fails to defend itself.
You hit the gnoll.
The helpless gnoll fails to defend itself.
You hit the gnoll. The gnoll hits you with a +0 flail!
Ouch! That really hurt!
The gnoll closely misses you. The gnoll hits you with a +0 halberd!
Ouch! That really hurt!
You die...

### ..
####.###
#.###......###
#....gg......#
#.@g.....#
####.#...# # #


You could see 3 gnolls.

Vanquished Creatures
  A gnoll (D:1)
  A leopard gecko (D:1)
  2 goblins (D:1)
  4 hobgoblins (D:1)
  3 bats (D:1)
  A frilled lizard (D:1)
  5 kobolds (D:1)
  2 rats (D:1)
19 creatures vanquished.

Notes
Turn   | Place    | Note
-------+----------+-------------------------------------------
     0 | D:1      | DasRunzen the Demigod Conjurer began the quest for the Orb.
     0 | D:1      | Reached XP level 1. HP: 14/14 MP: 5/5
     2 | D:1      | Noticed a merfolk
     2 | D:1      | Noticed a draconian
     4 | D:1      | Noticed a ghoul
     4 | D:1      | Noticed an octopode
     6 | D:1      | Noticed a naga
     6 | D:1      | Noticed a gargoyle
     8 | D:1      | Noticed a minotaur
     8 | D:1      | Noticed a dwarf
    10 | D:1      | Noticed a centaur
    10 | D:1      | Noticed a demonspawn
    12 | D:1      | Noticed a demigod
    12 | D:1      | Noticed a halfling
    17 | D:1      | Noticed an elf
    17 | D:1      | Noticed a vine stalker
    19 | D:1      | Noticed a vampire
    22 | D:1      | Noticed a troll
    22 | D:1      | Noticed a spriggan
    24 | D:1      | Noticed a tengu
    24 | D:1      | Noticed a formicid
    26 | D:1      | Noticed a human
    26 | D:1      | Noticed an ogre
    28 | D:1      | Noticed a felid
   482 | D:1      | Reached XP level 2. HP: 22/22 MP: 5/7
   485 | D:1      | Learned a level 2 spell: Searing Ray
  1014 | D:2      | Slain by a gnoll

Illustrated notes

Levels and vault maps discovered:
D:1:      kb_arrival_jail, layout_loops_ring
D:2:      layout_basic, uniq_terence, uniq_natasha

Skill      XL: |  1  2 |
---------------+-------+-----
Dodging        | 2 |  2.1
Spellcasting   | 2 |  2.0
Fighting       | |  0.8
Armour         | |  0.8
Stealth        | |  1.7
Conjurations   | |  3.8

Action                   || total
-------------------------++-------
Melee: Hand axe          ||     5
 Cast: Magic Dart        ||    32
  Use: Scroll            ||     4
 Stab: Sleeping          ||     4
Armor: Robe              ||     2
Dodge: Dodged            ||     6
